 Dungeon Crawl Stone Soup version 0.17.1-2-g5865329 (webtiles) character file.

4310 Clownie the Martial Artist (level 10, -8/63 HPs)
             Began as an Octopode Monk on Feb 17, 2016.
             Was an Initiate of Gozag.
             Mangled by a yak (10 damage)
             ... while paralysed
             ... on level 11 of the Dungeon.
             The game lasted 00:19:27 (11098 turns).

Clownie the Martial Artist (Octopode Monk)         Turns: 11098, Time: 00:19:27

Health: -8/63      AC:  1    Str: 10    XL:     10   Next: 32%
Magic:  10/10      EV:  2    Int: 14    God:    Gozag
Gold:   1442       SH:  0    Dex: 19    Spells: 0 memorised, 9 levels left

rFire  . . .     SeeInvis .       - Unarmed
rCold  . . .     Clarity  .     i - +2 buckler
rNeg   . . .     SustAt   .     (helmet restricted)
rPois  .         Gourm    .     (no amulet)
rElec  .         Spirit   .     C - +2 ring of intelligence
rCorr  .         Warding  .     (no ring)
rMut   .         Stasis   .     (no ring)
MR     .....                    (no ring)
Stlth  ++++++....               (no ring)
                                (no ring)
                                (no ring)
                                (no ring)

@: paralysed, fainting, not resistant to hostile enchantments, very stealthy
A: almost no armour, amphibious, 8 rings, constrict 8, camouflage 1, gelatinous
body 1
a: Potion Petition, Call Merchant, Bribe Branch, Renounce Religion


You were on level 11 of the Dungeon.
You worshipped Gozag.
Gozag was noncommittal.
You were fainting.

You visited 2 branches of the dungeon, and saw 12 of its levels.

You collected 1442 gold pieces.

Inventory:

Missiles
 q - 205 stones (quivered)
 J - 2 javelins
 N - 2 throwing nets
Armour
 i - a +2 buckler (worn)
Jewellery
 y - an uncursed ring of ice
 C - a +2 ring of intelligence (left tentacle)
Wands
 m - a wand of random effects (15)
 u - a wand of flame (15)
 z - a wand of magic darts (31)
 F - a wand of disintegration (12)
 H - a wand of polymorph (13)
 L - a wand of fireball (2)
Scrolls
 a - a scroll of torment {unknown}
 c - a scroll of noise {unknown}
 e - 4 scrolls of blinking {unknown}
 f - 2 scrolls of amnesia
 g - 7 scrolls of remove curse
 j - 5 scrolls of random uselessness
 n - 2 scrolls of fear {unknown}
 o - 3 scrolls of immolation {unknown}
 r - 2 scrolls of enchant weapon {unknown}
 t - 2 scrolls of fog {unknown}
 v - 2 scrolls of magic mapping
 w - 2 scrolls of enchant armour
 G - 2 scrolls of recharging {unknown}
Potions
 b - a potion of cure mutation
 d - 3 potions of cancellation
 h - a potion of curing
 k - 2 potions of magic
 p - 2 potions of heal wounds
 B - a potion of brilliance
 K - a potion of might
Books
 x - a book of Party Tricks

   Spells                             Type                      Level
   a - Summon Butterflies             Summoning                    1
   b - Apportation                    Translocation                1
   c - Tukima's Dance                 Hexes                        3
   d - Alistair's Intoxication        Transmutation/Poison         4
   e - Invisibility                   Hexes                        6
 A - a book of Alchemy

   Spells                             Type                      Level
   a - Sublimation of Blood           Necromancy                   2
   b - Ignite Poison                  Fire/Transmutation/Poison    3
   c - Alistair's Intoxication        Transmutation/Poison         4
   d - Condensation Shield            Ice                          4
   e - Petrify                        Transmutation/Earth          4
   f - Irradiate                      Conjuration/Transmutation    5
 M - a book of Changes

   Spells                             Type                      Level
   a - Beastly Appendage              Transmutation                1
   b - Sticks to Snakes               Transmutation                2
   c - Spider Form                    Transmutation/Poison         3
   d - Ice Form                       Ice/Transmutation            4
   e - Blade Hands                    Transmutation                5


   Skills:
 - Level 3.0 Fighting
 + Level 5.4 Throwing
 - Level 8.0 Dodging
 + Level 8.5 Stealth
 + Level 5.6 Shields
 * Level 9.1 Unarmed Combat


You had 9 spell levels left.
You didn't know any spells.

Dungeon Overview and Level Annotations

Branches:
Dungeon (11/15)            Temple (1/1) D:4            Lair (0/8) D:8
    Orc: D:9-12

Altars:
Ashenzari
Dithmenos
Elyvilon
Fedhas
Gozag
Kikubaaqudgha
Makhleb
Nemelex Xobeh
Okawaru
Qazlal
Ru
Sif Muna
Trog
Vehumet
Xom
Yredelemnul
Zin
The Shining One

Annotations:
D:4 Grim's ghost, amateur FoGl
D:10 Nergalle


Innate Abilities, Weirdness & Mutations

You cannot wear most types of armour.
You are amphibious.
You can wear up to eight rings at the same time.
You can use your tentacles to constrict eight enemies at once.
Your skin changes colour to match your surroundings (Stealth).
Your rubbery body absorbs attacks (AC +1).


Message History

Read which item? (? for menu, Esc to quit)
As you read the scroll of teleportation, it crumbles to dust.
You feel strangely unstable.
You lose consciousness!
The hound bites you. The hound barely misses you. The hound bites you.
The hound bites you. x3
Your surroundings suddenly seem different.
A yak comes into view.
The yak bellows!
Found a curved jewelled staff.
Found a stone staircase leading down.
A yak comes into view.
The yak moves out of view.
A yak comes into view.
The yak gores you. The yak gores you!
* * * LOW HITPOINT WARNING * * *
A yak comes into view.
The yak gores you!
You die...
Your body crumbles into a pile of gold.

###########
#..>.......
#@# #...Y.#
###.#.#
#.#|# #.# Y
#.# #. #.#
.Y #.# ...
#.# ...#


You could see 3 yaks.

Vanquished Creatures
  The ghost of Jerry the Ducker, a novice OpWr (D:5)
  A hippogriff (D:7)
  A deep elf mage (D:9)
  A hungry ghost (D:9)
  A water moccasin (D:9)
  2 phantoms
  5 centaurs
  A black bear (D:6)
  2 ice beasts
  4 ogres
  The ghost of Jerry the Grasshopper, an amateur OpWr (D:3)
  2 crocodiles (D:8)
  A big kobold (D:9)
  4 giant frogs
  3 scorpions
  12 killer bees
  2 crimson imps
  A centaur zombie (D:6)
  2 jellies
  An orc priest (D:2)
  4 orc wizards
  A giant frog skeleton (D:7)
  5 worker ants
  2 hounds
  6 iguanas
  A hell rat (D:8)
  A human simulacrum (D:9)
  2 hound skeletons
  A hound zombie (D:7)
  A worker ant zombie (D:5)
  11 gnolls
  A river rat (D:8)
  11 adders
  2 shadow imps (D:5)
  2 oozes
  An adder zombie (D:8)
  4 worms
  An adder skeleton (D:6)
  7 giant geckos
  17 orcs
  2 ball pythons
  4 giant cockroaches
  10 hobgoblins
  17 jackals
  11 kobolds
  3 quokkas
  A ball python skeleton (D:6)
  5 bats
  4 giant newts
  9 goblins
  A quokka skeleton (D:4)
  5 rats
201 creatures vanquished.

Vanquished Creatures (others)
  A human simulacrum (D:9)
  2 jackals (D:7)
3 creatures vanquished.

Grand Total: 204 creatures vanquished

Notes
Turn   | Place    | Note
--------------------------------------------------------------
     0 | D:1      | Clownie the Octopode Monk began the quest for the Orb.
     0 | D:1      | Reached XP level 1. HP: 16/16 MP: 1/1
   231 | D:1      | Reached XP level 2. HP: 19/21 MP: 2/2
  1037 | D:2      | Reached skill level 1 in Throwing
  1041 | D:2      | Reached XP level 3. HP: 19/26 MP: 3/3
  1093 | D:2      | Found a shimmering altar of Xom.
  1611 | D:2      | Found a blossoming altar of Fedhas.
  1688 | D:2      | Reached XP level 4. HP: 31/31 MP: 4/4
  1810 | D:2      | Found a stormy altar of Qazlal.
  2348 | D:3      | Noticed Jerry's ghost (amateur OpWr)
  2560 | D:2      | Reached XP level 5. HP: 13/36 MP: 5/5
  2752 | D:3      | Reached skill level 5 in Unarmed Combat
  3053 | D:2      | Reached skill level 1 in Shields
  3417 | D:3      | Killed Jerry's ghost
  3417 | D:3      | Reached XP level 6. HP: 38/42 MP: 6/6
  3620 | D:4      | Noticed Grim's ghost (amateur FoGl)
  3771 | D:4      | Reached XP level 7. HP: 31/46 MP: 7/7
  3884 | D:4      | Found a staircase to the Ecumenical Temple.
  3895 | Temple   | Entered the Ecumenical Temple
  3954 | Temple   | Became a worshipper of Gozag Ym Sagoz the Greedy
  3996 | D:4      | Got a translucent falchion
  3997 | D:4      | Identified the +3 falchion "Ohoi" {pain, rF+ Str+6 Dex-2} (You found it on level 4 of the Dungeon)
  4561 | D:5      | Entered Level 5 of the Dungeon
  4573 | D:5      | Found a sparkling altar of Nemelex Xobeh.
  4714 | D:5      | Reached skill level 5 in Stealth
  4714 | D:5      | Reached skill level 6 in Unarmed Combat
  4729 | D:5      | Found a burning altar of Makhleb.
  4922 | D:5      | Reached skill level 5 in Dodging
  4926 | D:5      | Noticed Jerry's ghost (novice OpWr)
  4994 | D:5      | Killed Jerry's ghost
  4994 | D:5      | Reached XP level 8. HP: 24/52 MP: 8/8
  6030 | D:6      | Reached skill level 7 in Unarmed Combat
  6688 | D:6      | Reached XP level 9. HP: 47/56 MP: 9/9
  6818 | D:6      | Found a shadowy altar of Dithmenos.
  7361 | D:7      | Found an ancient bone altar of Kikubaaqudgha.
  8334 | D:8      | Reached skill level 8 in Unarmed Combat
  8551 | D:8      | Found a staircase to the Lair.
  8607 | D:8      | Reached skill level 5 in Throwing
  9273 | D:8      | Reached XP level 10. HP: 43/63 MP: 10/10
  9603 | D:8      | Reached skill level 5 in Shields
 10235 | D:9      | Reached skill level 9 in Unarmed Combat
 10955 | D:10     | Entered Level 10 of the Dungeon
 10988 | D:10     | Noticed Nergalle
 11097 | D:11     | HP: 2/63 [yak (17)]
 11098 | D:11     | Mangled by a yak

Action                   |  1- 3 |  4- 6 |  7- 9 | 10-12 || total
-------------------------+-------+-------+-------+-------++-------
Melee: Unarmed           |    79 |   118 |   410 |    90 ||   697
Throw: Stone             |       |     6 |    12 |     2 ||    20
       Throwing net      |       |     1 |     2 |       ||     3
Evoke: Wand              |       |       |     1 |       ||     1
  Use: Scroll            |       |     4 |     9 |     6 ||    19
       Potion            |       |     2 |     8 |     1 ||    11
 Stab: Sleeping          |    14 |    14 |    26 |     1 ||    55
       Distracted        |       |     1 |     4 |     2 ||     7
       Held in net/web   |       |       |     2 |       ||     2
  Eat: Chunk             |     2 |     7 |     1 |       ||    10
       Beef jerky        |       |       |     1 |       ||     1
       Bread ration      |       |       |     4 |       ||     4
       Fruit             |       |       |       |     3 ||     3
